 Dungeon Crawl Stone Soup version 0.29.1-12-g30fa7ad0bf (webtiles) character file.

Game seed: 2008058136241003076

235 zlionsfan the Cutter (level 6, 0/46 HPs)
             Began as a Human Wanderer on Jan 14, 2023.
             Slain by a shadow imp (3 damage)
             ... on level 4 of the Dungeon.
             The game lasted 00:05:13 (2448 turns).

zlionsfan the Cutter (Human Wanderer)               Turns: 2448, Time: 00:05:13

Health: 0/46       AC:  4    Str: 10 (12) XL:     6   Next: 26%
Magic:  6/6        EV: 11    Int:  8 (9)  God:
Gold:   206        SH:  4    Dex: 16 (18) Spells: 5/5 levels left

rFire   . . .      SeeInvis .   b - +2 short sword (drain)
rCold   . . .      Faith    .   r - +0 buckler
rNeg    . . .      Spirit   .   e - +0 leather armour
rPois   .          Reflect  .   c - +0 helmet
rElec   .          Harm     +   n - scarf {harm}
rCorr   .          Rampage  .   (no gloves)
Will    .....                   (no boots)
Stlth   ++........              (no amulet)
HPRegen 0.15/turn               (no ring)
MPRegen 0.10/turn               (no ring)

@: no status effects
A: no striking features
a: no special abilities


You were on level 4 of the Dungeon.
You visited 1 branch of the dungeon, and saw 4 of its levels.

You collected 206 gold pieces.

Inventory:

Hand Weapons
 a - a +0 rapier
 b - a +2 short sword of draining (weapon)
Armour
 c - a +0 helmet (worn)
 e - a +0 leather armour (worn)
 n - a scarf of harm (worn)
 r - a +0 buckler (worn)
Jewellery
 q - an amulet of faith
Scrolls
 d - 5 scrolls of teleportation
 f - a scroll of vulnerability {unknown}
 h - 7 scrolls of identify {unknown}
 i - a scroll of brand weapon {unknown}
 m - a scroll of blinking {unknown}
 o - a scroll of enchant armour {unknown}
 p - a scroll of poison {unknown}
 u - a scroll of amnesia {unknown}
Potions
 j - a potion of might {unknown}
 k - a potion of curing {unknown}
 l - a potion of resistance {unknown}
 s - a potion of magic {unknown}
 t - a potion of brilliance {unknown}


   Skills:
 * Level 2.5 Fighting
 + Level 5.6 Short Blades
 + Level 2.0 Polearms
 + Level 1.0 Throwing
 + Level 1.9 Armour
 + Level 2.5 Dodging
 + Level 1.8 Stealth
 + Level 0.1 Shields


You had 5 spell levels left.
You didn't know any spells.
Your spell library contained the following spells:

 Spells                   Type           Power      Damage    Failure   Level
 Blink                    Tloc           0%         N/A       77%         2
 Poisonous Vapours        Pois/Air       0%         N/A       77%         2
 Lesser Beckoning         Tloc           0%         N/A       94%         3
 Corpse Rot               Necr/Pois/Air  0%         N/A       100%        4
 Summon Ice Beast         Ice/Summ       0%         N/A       100%        4
 Manifold Assault         Tloc           0%         N/A       100%        5
 Summon Mana Viper        Hex/Summ       0%         N/A       100%        5
 Monstrous Menagerie      Summ           0%         N/A       100%        7


Dungeon Overview and Level Annotations

Branches:
Dungeon (4/15)
 Temple: D:4-7

Altars:


Message History

You kill the shadow imp!
You hear a shout!
You barely miss the kobold. The shadow imp spits at you.
You block the kobold's attack.
You barely miss the kobold. The kobold barely misses you.
You barely miss the shadow imp.
The shadow imp hits you but does no damage.
The kobold hits you but does no damage.
You hit the shadow imp but do no damage.
The kobold closely misses you. The shadow imp barely misses you.
You hit the shadow imp.
The shadow imp is moderately wounded.
The shadow imp misses you. The kobold barely misses you.
You hit the shadow imp.
The shadow imp is heavily wounded.
You closely miss the shadow imp.
The shadow imp is heavily wounded.
The shadow imp hits you but does no damage.
The kobold closely misses you.
You hit the shadow imp but do no damage.
The shadow imp is heavily wounded.
The shadow imp hits you.
The kobold hits you with a +0 short sword.
You hit the shadow imp.
The shadow imp is heavily wounded.
The shadow imp gestures at you. Pain shoots through your body!
* * * LOW HITPOINT WARNING * * *
The kobold barely misses you.
It was a potion of degeneration.
There was something very wrong with that liquid.
You feel weakened.
You feel dopey.
You feel clumsy. The kobold barely misses you.
A hobgoblin comes into view. It is wielding a +0 spear.
The shadow imp closely misses you.
You drop 2 potions of degeneration.
The hobgoblin shouts!
The shadow imp hits you.
You die...

##..........##
##............###
#...........<...#
#.....>.....♣.P.#
#............♣♣.#
##..............♣#
#...............P#
#.#............###
#@............#
#.oK5####.########
.....#K5# ....
##....... #......
....##### .....
... #.## g.


You could see a white imp, a shadow imp, an orc, a hobgoblin and 2 kobolds.

Vanquished Creatures
  2 hounds (D:4)
  Jessica (D:2)
  An orc wizard (D:3)
  4 adders
  A shadow imp (D:4)
  3 dart slugs
  4 orcs (D:3)
  10 ball pythons
  6 endoplasms
  2 giant cockroaches
  3 goblins
  6 hobgoblins
  3 jackals (D:1)
  A quokka (D:2)
  6 bats
  3 frilled lizards (D:1)
  7 kobolds
  7 rats
70 creatures vanquished.

Vanquished Creatures (others)
  A demonic plant (D:4)
  A fungus (D:1)
2 creatures vanquished.

Grand Total: 72 creatures vanquished

Notes
Turn   | Place    | Note
-------+----------+-------------------------------------------
     0 | D:1      | zlionsfan the Human Wanderer began the quest for the Orb.
     0 | D:1      | zlionsfan set off with the following items: a +0 rapier, a
                  | +0 spear, a +0 helmet, a scroll of teleportation, a +0
                  | leather armour.
     0 | D:1      | Reached XP level 1. HP: 15/15 MP: 1/1
    89 | D:1      | Reached XP level 2. HP: 21/21 MP: 2/2
    96 | D:1      | Found a faded altar of an unknown god.
   355 | D:1      | Reached XP level 3. HP: 18/24 MP: 3/3
  1123 | D:2      | Reached XP level 4. HP: 33/33 MP: 4/4
  1132 | D:2      | Noticed Jessica
  1301 | D:2      | Killed Jessica
  1302 | D:2      | Reached skill level 5 in Short Blades
  1555 | D:3      | Reached skill level 1 in Armour
  1603 | D:3      | Reached XP level 5. HP: 36/38 MP: 5/5
  2231 | D:3      | Reached skill level 1 in Stealth
  2421 | D:4      | Reached XP level 6. HP: 33/45 MP: 6/6
  2448 | D:4      | Slain by a shadow imp

Illustrated notes

Levels and vault maps discovered:
D:1:      lemuel_arrival_tunnels, layout_loops_cross,
          shapermc_ecumenical_altar_acropolis, nicolae_titane
D:2:      layout_rooms, uniq_jessica
D:3:      layout_loops_ring, minmay_randomly_rotated_circles
D:4:      layout_rooms, nicolae_wu_jian_immortal_techniques, trog_book,
          serial_demonic, serial_demonic_a, serial_demonic_c, serial_demonic_c,
          serial_demonic_e, uniq_natasha

Skill      XL: |  1  2  3  4  5 |
---------------+----------------+-----
Short Blades   | 5 |  5.6
Armour         | 1 |  1.9
Fighting       | 2 |  2.5
Stealth        | 1 |  1.8
Polearms       | |  2.0
Throwing       | |  1.0
Dodging        | |  2.5
Shields        | |  0.1

Action                   |  1- 3 |  4- 6 || total
-------------------------+-------+-------++-------
Melee: Rapier            |    33 |       ||    33
       Short sword       |    39 |   100 ||   139
       Punch             |     1 |       ||     1
  Use: Potion            |       |     1 ||     1
 Stab: Sleeping          |     1 |     2 ||     3
Armor: Leather armour    |    15 |    23 ||    38
Dodge: Dodged            |    42 |    78 ||   120
Block: Buckler           |       |     7 ||     7
